 Dungeon Crawl Stone Soup version 0.30.1-3-gfc49f6343a (webtiles) character file.

Game seed: 4704523338639075800

1694 Zeor the Sneak (level 9, 23/61 HPs)
             Began as a Vine Stalker Enchanter on Aug 1, 2023.
             Was an Initiate of Wu Jian.
             Quit the game on level 6 of the Dungeon.
             The game lasted 00:24:59 (5640 turns).

Zeor the Sneak (Vine Stalker Enchanter)             Turns: 5640, Time: 00:24:59

Health: 23/61      AC: 24    Str: 15    XL:     9   Next: 2%
Magic:  4/19       EV:  2    Int: 18    God:    Wu Jian [......]
Gold:   411        SH:  0    Dex: 14    Spells: 8/20 levels left

rFire   . . .        a - +0 dagger (flame)
rCold   . . .        (no shield)
rNeg    . . .        i - melded +0 leather armour
rPois   +            l - melded +1 helmet
rElec   .            o - melded +1 cloak
rCorr   .            (gloves currently unavailable)
SInv    .            (boots currently unavailable)
Will    +....        (no amulet)
Stlth   ++++         g - ring of wizardry
HPRegen 1.10/turn    (no ring)
MPRegen 0.16/turn

%: guardian spirit, wizardry (x1)
@: tree-form
A: stationary, stasis, torment immunity, boosted hp, (fangs 3), regeneration 1,
magic shield, (antimagic bite), no potion heal 2, strong 1, subdued magic 1
a: Renounce Religion


You were on level 6 of the Dungeon.
You worshipped Wu Jian.
Wu Jian was noncommittal.
You were a tree.
You visited 2 branches of the dungeon, and saw 7 of its levels.

You collected 422 gold pieces.
You spent 11 gold pieces at shops.

Inventory:

Hand Weapons
 a - a +0 dagger of flaming (weapon)
 k - a +3 hand axe
 s - a +2 hammer of holy wrath
 u - a +1 dagger
Missiles
 C - 5 poisoned darts (quivered)
Armour
 b - a +0 robe
 i - a +0 leather armour (melded)
 l - a +1 helmet (melded)
 o - a +1 cloak (melded)
 p - the +5 Storm Queen's Shield {shock, Fly rElec}
   (You found it on level 3 of the Dungeon)

   Shock:     When it blocks an attack, it may electrocute the attacker.
   This works even against foes who are a short distance away.
   rElec:     It insulates you from electricity.
   Fly:       It grants you flight.
Magical Staves
 j - a staff of cold
 n - a staff of earth
Jewellery
 g - a ring of wizardry (left branch)
Wands
 e - a wand of digging (6)
Scrolls
 h - 2 scrolls of blinking
 q - 2 scrolls of immolation
 w - a scroll of butterflies
 x - a scroll of amnesia
 y - a scroll of fog
 A - a scroll of enchant armour
Potions
 c - 6 potions of invisibility
 d - 3 potions of curing
 f - 3 potions of attraction
 t - a potion of berserk rage {unknown}
 v - 3 potions of flight
 z - a potion of cancellation {unknown}
 B - a potion of haste {unknown}


   Skills:
 + Level 1.2 Fighting
 + Level 2.4 Short Blades
 + Level 2.2 Armour
 + Level 2.5 Dodging
 + Level 7.5 Stealth
 * Level 2.8 Shields
 * Level 6.3 Spellcasting
 + Level 1.1 Conjurations
 + Level 4.6 Hexes
 + Level 0.3 Fire Magic
 + Level 2.6 Ice Magic


You had 8 spell levels left.
You knew the following spells:

 Your Spells              Type           Power      Damage    Failure   Level
a - Ensorcelled Hibernat  Hex/Ice        28%        N/A       1%          2
b - Confusing Touch       Hex            17%        N/A       1%          3
c - Tukima's Dance        Hex            17%        N/A       1%          3
d - Dazzling Flash        Conj/Hex       24%        N/A       3%          3
e - Foxfire               Conj/Fire      24%        2x1d5     2%          1

Your spell library contained the following spells:

 Spells                   Type           Power      Damage    Failure   Level
 Frozen Ramparts          Ice            22%        1d4       4%          3
 Vhi's Electric Charge    Tloc/Air       8%         N/A       12%         3
 Ice Form                 Ice/Tmut       8%         N/A       22%         4
 Summon Ice Beast         Ice/Summ       8%         N/A       22%         4
 Fireball                 Conj/Fire      3%         3d4       63%         5
 Arcjolt                  Conj/Air       2%         1d12      65%         5
 Plasma Beam              Fire/Air       2%         2x1d13    99%         6
 Starburst                Conj/Fire      3%         6d3       99%         6


Dungeon Overview and Level Annotations

Branches:
Dungeon (6/15)             Temple (1/1) D:5

Altars:
Cheibriados
Dithmenos
Elyvilon
Fedhas
Okawaru
Qazlal
Ru
Sif Muna
Trog
Uskayaw
Vehumet
Wu Jian
Zin

Shops:
D:1 !   D:4 !

Annotations:
D:3 1 runed translucent door, Crazy Yiuf


Innate Abilities, Weirdness & Mutations

You are a tree.
Your roots penetrate the ground, keeping you stationary.
You cannot be teleported.
You are immune to unholy pain and torment.
Your maximum health is greatly increased.
Your equipment is partially melded.
((You have razor-sharp teeth.))
Your natural rate of healing is unusually fast.
When hurt, damage is shared between your health and your magic reserves.
((Your bite disrupts and absorbs the magic of your enemies.))
Potions cannot restore your health.
Your muscles are strong. (Str +4, Int/Dex -1)
Your spells are a little easier to cast, but a little less powerful.


Message History

It was a potion of lignification.
You turn into a tree.
Your +1 cloak melds into your body.
Your +1 helmet melds into your body.
Your +0 leather armour melds into your body.
Your roots penetrate the ground.
The orc warrior hits you but does no damage.
The hound bites you but does no damage.
You hit the hound but do no damage.
The hound is heavily wounded.
The hound bites you but does no damage.
The orc warrior hits you from afar with a +0 halberd.
You closely miss the hound.
The hound is heavily wounded.
The hound bites you but does no damage.
The orc warrior hits you but does no damage.
The orc priest casts a cantrip, but nothing happens.
The hound bites you but does no damage.
You barely miss the hound.
The hound is heavily wounded.
The hound bites you but does no damage.
The orc warrior hits you but does no damage.
You hit the hound. You burn the hound.
The hound is severely wounded.
The hound bites you but does no damage.
The orc warrior hits you from afar with a +0 halberd.
The orc priest hits you from afar with a +0 trident.
You barely miss the hound.
The hound is severely wounded.
The orc wizard is no longer blind.
The hound bites you but does no damage.
The orc warrior hits you from afar with a +0 halberd.
The hound bites you but does no damage. The orc priest barely misses you.
You barely miss the hound.
The hound is severely wounded.
The hound completely misses you.
The orc wizard casts a spell.
The orc wizard flickers and vanishes!
Deactivating autopickup; reactivate with Ctrl-A.
The orc warrior hits you from afar with a +0 halberd.
The orc priest hits you from afar with a +0 trident.
Enter note: eerurng not feeling this one Are you sure you want to abandon this character and quit the game? (Confirm with "yes".)

▒∙∙∙∙∙∙∙∙∙▒▒∙∙∙∙∙∙∙∙∙∙∙∙▒▒▒
▒ ▒∙∙∙∙∙∙∙∙∙▒▒∙∙∙∙∙∙∙∙∙∙∙∙▒
▒ ▒∙∙∙∙∙∙∙∙∙▒▒∙∙∙∙▒▒▒▒▒▒▒▒▒
▒∙∙∙∙∙∙∙∙▒▒▒▒▒▒∙▒▒∙▒∙▒∙▒
▒∙∙∙∙∙∙∙∙▒ ▒(▒~~~~~~▒▒
▒▒▒▒▒▒▒▒▒▒ ▒∙(∙∙∙∙∙∙▄▒ ▒▒▒
▒∙▒≈≈~~≈~▒▒ ▒∙∙
▒∙▒(▒∙▒∙▒▒▒▒▒▒▒▒∙∙
▒♣▒▒▒▒▒▒▒▒∙∙∙∙†'∙∙ ▒h▒
▒▒▒▒▒▒▒▒∙∙


ooo ▒∙∙∙∙∙∙∙∙∙ ∙oo{▒ ▒∙▒▒▒▒▒▒▒▒ ∙∙∙∙∙▒ ▒▒∙∙ ∙∙∙∙∙∙▒ ▒∙∙▒ ∙∙∙∙∙∙∙∙ ▒▒∙▒▒
∙∙?∙∙∙∙▒▒ ▒∙∙▒ ▒∙▒▒ You could see an orc warrior, a hound, 2 orc priests and 2
orcs.

Vanquished Creatures
  A wraith (D:6)
  2 water moccasins
  An ice beast (D:5)
  2 black bears
  An ogre (D:5)
  A centaur (D:6)
  A phantom (D:4)
  A bullfrog (D:5)
  2 scorpions
  A jelly (D:6)
  3 hounds
  An orc priest (D:6)
  4 iguanas
  Jessica (D:2)
  Ijyb (D:4)
  Terence (D:2)
  A sleepcap (D:6)
  An orc wizard (D:5)
  Robin (D:2)
  A gnoll (D:6)
  7 adders
  A white imp (D:5)
  An ufetubus (D:4)
  3 dart slugs (D:1)
  12 orcs
  4 ball pythons
  6 endoplasms
  7 giant cockroaches
  14 goblins
  11 hobgoblins
  6 jackals
  5 kobolds
  3 quokkas
  10 bats
  6 frilled lizards
  11 rats
135 creatures vanquished.

Vanquished Creatures (collateral kills)
  An orc wizard (D:6)
  An orc (D:6)
2 creatures vanquished.

Vanquished Creatures (others)
  2 dancing weapons
  An orc (D:6)
  15 foxfires (D:6)
18 creatures vanquished.

Grand Total: 155 creatures vanquished

Notes
Turn   | Place    | Note
-------+----------+-------------------------------------------
     0 | D:1      | Zeor the Vine Stalker Enchanter began the quest for the
                  | Orb.
     0 | D:1      | Reached XP level 1. HP: 9/9 MP: 4/4
    21 | D:1      | Found Seel Ali's Distillery.
    40 | D:1      | Reached XP level 2. HP: 8/14 MP: 6/6
    51 | D:1      | Reached skill level 1 in Short Blades
    89 | D:1      | Learned a level 2 spell: Ensorcelled Hibernation
   127 | D:1      | Reached skill level 4 in Stealth
   195 | D:1      | Reached XP level 3. HP: 17/17 MP: 7/7
   199 | D:1      | Learned a level 3 spell: Confusing Touch
  1132 | D:2      | Noticed Jessica
  1135 | D:2      | Killed Jessica
  1136 | D:2      | Gained mutation: Your natural rate of healing is unusually
                  | fast. [Vine Stalker growth]
  1136 | D:2      | Reached XP level 4. HP: 21/21 MP: 5/9
  1466 | D:2      | Noticed Robin
  1492 | D:2      | Killed Robin
  1493 | D:2      | Reached XP level 5. HP: 24/25 MP: 0/10
  1628 | D:2      | Found a faded altar of an unknown god.
  1640 | D:2      | Noticed Terence
  1651 | D:2      | Killed Terence
  2048 | D:3      | Noticed a black bear
  2062 | D:3      | Killed a black bear
  2063 | D:3      | Reached skill level 5 in Stealth
  2063 | D:3      | Reached skill level 1 in Ice Magic
  2063 | D:3      | Reached XP level 6. HP: 16/29 MP: 3/12
  2146 | D:3      | Found the +5 Storm Queen's Shield {shock, Fly rElec}
  2167 | D:3      | Learned a level 3 spell: Tukima's Dance
  2171 | D:3      | Learned a level 3 spell: Dazzling Flash
  2173 | D:3      | Learned a level 1 spell: Foxfire
  2466 | D:3      | Found a radiant altar of Vehumet.
  2506 | D:3      | Found a runed translucent door.
  2507 | D:3      | Noticed Crazy Yiuf
  2938 | D:4      | Reached skill level 1 in Armour
  2943 | D:4      | Found Joasuq's Distillery.
  2943 | D:4      | Noticed Menkaure
  2965 | D:4      | Bought a potion of degeneration for 11 gold pieces
  3199 | D:4      | Found a blossoming altar of Fedhas.
  3199 | D:4      | Noticed a black bear
  3204 | D:4      | Killed a black bear
  3205 | D:4      | Reached skill level 1 in Shields
  3205 | D:4      | Reached XP level 7. HP: 32/32 MP: 6/14
  3416 | D:4      | Noticed Ijyb
  3427 | D:4      | Killed Ijyb
  3490 | D:5      | Entered Level 5 of the Dungeon
  3570 | D:5      | Reached skill level 6 in Stealth
  3647 | D:5      | Found a bloodstained altar of Trog.
  3787 | D:5      | Found a staircase to the Ecumenical Temple.
  3795 | Temple   | Entered the Ecumenical Temple
  3820 | Temple   | Became a worshipper of the Wu Jian Council
  4180 | D:5      | Reached skill level 1 in Fighting
  4180 | D:5      | Reached skill level 5 in Spellcasting
  4180 | D:5      | Gained mutation: You have razor-sharp teeth. [Vine Stalker
                  | growth]
  4180 | D:5      | Reached XP level 8. HP: 37/37 MP: 13/16
  4464 | D:5      | Found a shadowy altar of Dithmenos.
  4793 | D:6      | Noticed a wraith
  4863 | D:6      | Killed a wraith
  4864 | D:6      | Reached skill level 7 in Stealth
  4959 | D:6      | Found an iron altar of Okawaru.
  5319 | D:6      | Reached skill level 1 in Conjurations
  5515 | D:6      | Reached XP level 9. HP: 41/41 MP: 16/19
  5632 | D:6      | Gained mutation: Your spells are a little easier to cast,
                  | but a little less powerful. [potion of mutation]
  5632 | D:6      | Gained mutation: Your muscles are strong. (Str +4, Int/Dex
                  | -1) [potion of mutation]
  5640 | D:6      | eerurng not feeling this one
  5640 | D:6      | Quit the game

Illustrated notes

▒∙∙∙∙∙∙∙∙∙▒▒∙∙∙∙∙∙∙∙∙∙∙∙▒▒▒
▒ ▒∙∙∙∙∙∙∙∙∙▒▒∙∙∙∙∙∙∙∙∙∙∙∙▒
▒ ▒∙∙∙∙∙∙∙∙∙▒▒∙∙∙∙▒▒▒▒▒▒▒▒▒
▒∙∙∙∙∙∙∙∙▒▒▒▒▒▒∙▒▒∙▒∙▒∙▒
▒∙∙∙∙∙∙∙∙▒ ▒(▒~~~~~~▒▒
▒▒▒▒▒▒▒▒▒▒ ▒∙(∙∙∙∙∙∙▄▒ ▒▒▒
▒∙▒≈≈~~≈~▒▒ ▒∙∙
▒∙▒(▒∙▒∙▒▒▒▒▒▒▒▒∙∙
▒♣▒▒▒▒▒▒▒▒∙∙∙∙†'∙∙ ▒h▒
▒▒▒▒▒▒▒▒∙∙


ooo ▒∙∙∙∙∙∙∙∙∙ ∙oo{▒ ▒∙▒▒▒▒▒▒▒▒ ∙∙∙∙∙▒ ▒▒∙∙ ∙∙∙∙∙∙▒ ▒∙∙▒ ∙∙∙∙∙∙∙∙ ▒▒∙▒▒
∙∙?∙∙∙∙▒▒ ▒∙∙▒ ▒∙▒▒ Turn 5640 on D:6: eerurng not feeling this one

Levels and vault maps discovered:
D:1:      lemuel_arrival_hallway, layout_rooms, serial_shops, shop
D:2:      minmay_inner_zag, layout_basic, ebering_ecumenical_altar_petrified,
          uniq_terence, uniq_jessica, uniq_robin
D:3:      layout_basic, fiery_altar_vehumet, uniq_crazy_yiuf_cottage
D:4:      layout_basic, mainiacjoe_overflow_24_doors, serial_shops, shop,
          uniq_ijyb, uniq_menkaure
D:5:      layout_basic, mainiacjoe_overflow_brackets, amcnicky_altar_gilded,
          minmay_temple_entry_stoned_glass, minmay_fractal_squares_gapless_5
D:6:      cheibrodos_iron_armory, layout_basic, okawaru_altar_gauntlet_db
Temple:   nicolae_temple_bog_church

Skill      XL: |  1  2  3  4  5  6  7  8 |
---------------+-------------------------+-----
Short Blades   | 1 2 |  2.4
Stealth        | 4 5 6 7 |  7.5
Spellcasting   | 3 4 5 6 |  6.3
Ice Magic      | 1 2 |  2.6
Armour         | 1 2 |  2.2
Shields        | 1 2 |  2.8
Hexes          | 4 |  4.6
Dodging        | 2 |  2.5
Fighting       | 1 |  1.2
Conjurations   | 1 |  1.1
Fire Magic     | |  0.3

Action                     |  1- 3 |  4- 6 |  7- 9 || total
---------------------------+-------+-------+-------++-------
  Melee: Dagger            |    90 |   129 |   164 ||   383
         Bite              |    16 |    34 |    49 ||    99
         Punch             |     2 |     1 |     4 ||     7
   Cast: Ensorcelled Hiber |    14 |    27 |    39 ||    80
         Confusing Touch   |       |     4 |     6 ||    10
         Tukima's Dance    |       |       |     5 ||     5
         Foxfire           |       |       |     8 ||     8
         Dazzling Flash    |       |       |     4 ||     4
Ability: Lunge             |       |       |    12 ||    12
    Use: Scroll            |       |     7 |     5 ||    12
         Potion            |       |       |     3 ||     3
   Stab: Sleeping          |    17 |    23 |    26 ||    66
         Confused          |       |     1 |     4 ||     5
 Armour: Robe              |    18 |       |       ||    18
         Leather armour    |    16 |    32 |    63 ||   111
         Skin              |       |       |    11 ||    11
  Dodge: Dodged            |    80 |    67 |   116 ||   263
